[ PARTIDA AOE2 · #493772639 ]
UnrankedSarracenos vs Japanese
Equipo del jugador · DERR
Equipo rival · VICT
[ ANÁLISIS DE REPETICIÓN · EXTRAÍDO DE LA PARTIDA GRABADA ]
Feudal
9:41
Castillos
—
Imperial
—
| APM promedio | 51.6 |
| APM pico | 85 |
| eAPM promedio | 17.6 |
| Aldeanos / militares | 19 / 1 |
Foco
⚔️ 30.8% · 🌾 69.2%
Spearman ×1
Feudal
9:20
Castillos
—
Imperial
—
| APM promedio | 70.4 |
| APM pico | 102 |
| eAPM promedio | 25.6 |
| Aldeanos / militares | 25 / 4 |
Foco
⚔️ 49.1% · 🌾 50.9%
Militia ×4
Mapa de la partida
Recursos iniciales + cada clic de construcción. Líneas = muros · curvas = relieve. ◆ oro · ⬟ piedra · ● bayas · ✦ reliquia · ◌ hueco del cierre
Tu base
Base de Alakay
Terreno inicial suavizado · ◌ = hueco del cierre detectado · pasá el cursor para detalles
Inputs por minuto
— [CL] Eduardo - - Alakay
Build order — [CL] Eduardo
36 acciones detectadas en el replay
| 0:00 | Crear | Villager (Male) |
| 0:01 | Crear | Villager (Male) |
| 0:01 | Crear | Villager (Male) |
| 0:02 | Construir | House |
| 0:02 | Crear | Villager (Male) |
| 0:05 | Construir | House |
| 1:29 | Crear | Villager (Male) |
| 1:50 | Crear | Villager (Male) |
| 1:55 | Construir | Lumber Camp |
| 2:12 | Construir | Lumber Camp |
| 2:22 | Crear | Villager (Male) |
| 2:54 | Crear | Villager (Male) |
| 3:00 | Crear | Villager (Male) |
| 3:17 | Crear | Villager (Male) |
| 3:42 | Crear | Villager (Male) |
| 3:59 | Construir | House |
| 4:07 | Crear | Villager (Male) |
| 4:12 | Construir | House |
| 4:35 | Crear | Villager (Male) |
| 4:54 | Crear | Villager (Male) |
| 4:59 | Crear | Villager (Male) |
| 5:08 | Construir | Mill |
| 5:49 | Crear | Villager (Male) |
| 5:53 | Crear | Villager (Male) |
| 5:56 | Investigar | Loom |
| 6:09 | Crear | Villager (Male) |
| 7:23 | Investigar | Feudal Age |
| 8:04 | Construir | House |
| 8:16 | Construir | Barracks |
| 8:26 | Construir | Mill |
| 8:51 | Crear | Villager (Male) |
| 9:21 | Construir | Palisade Wall |
| 9:39 | Construir | Palisade Wall |
| 9:41 | Edad | Edad Feudal |
| 9:43 | Construir | Palisade Wall |
| 10:17 | Crear | Spearman |
Build order — Alakay
45 acciones detectadas en el replay
| 0:00 | Crear | Villager (Male) |
| 0:00 | Crear | Villager (Male) |
| 0:01 | Crear | Villager (Male) |
| 0:01 | Crear | Villager (Male) |
| 0:02 | Construir | House |
| 0:02 | Construir | House |
| 1:29 | Crear | Villager (Male) |
| 1:30 | Crear | Villager (Male) |
| 1:44 | Construir | Lumber Camp |
| 1:49 | Crear | Villager (Male) |
| 1:50 | Crear | Villager (Male) |
| 2:26 | Crear | Villager (Male) |
| 2:26 | Crear | Villager (Male) |
| 2:46 | Crear | Villager (Male) |
| 3:00 | Crear | Villager (Male) |
| 3:00 | Crear | Villager (Male) |
| 3:33 | Crear | Villager (Male) |
| 3:53 | Construir | House |
| 3:58 | Crear | Villager (Male) |
| 4:05 | Crear | Villager (Male) |
| 4:06 | Crear | Villager (Male) |
| 4:46 | Crear | Villager (Male) |
| 4:47 | Crear | Villager (Male) |
| 4:47 | Crear | Villager (Male) |
| 5:00 | Construir | Mill |
| 5:06 | Crear | Villager (Male) |
| 5:13 | Construir | Barracks |
| 5:41 | Construir | House |
| 5:43 | Crear | Villager (Male) |
| 5:46 | Investigar | Loom |
| 7:10 | Investigar | Feudal Age |
| 7:11 | Investigar | Feudal Age |
| 7:13 | Crear | Militia |
| 7:13 | Crear | Militia |
| 7:46 | Crear | Militia |
| 7:53 | Construir | House |
| 7:57 | Construir | House |
| 8:00 | Crear | Militia |
| 8:06 | Construir | Mining Camp |
| 8:52 | Crear | Villager (Male) |
| 9:20 | Edad | Edad Feudal |
| 9:24 | Investigar | Man-at-Arms (upgrade) |
| 9:53 | Crear | Villager (Male) |
| 9:59 | Crear | Villager (Male) |
| 10:03 | Construir | Archery Range |
Cronología de la partida
| 5:13 | Alakay · first_building Barracks |
| 8:16 | [CL] Eduardo · first_building Barracks |
| 9:20 | Alakay · age_up feudal |
| 9:21 | [CL] Eduardo · wall_segment Palisade Wall x1 |
| 9:39 | [CL] Eduardo · wall_segment Palisade Wall x2 |
| 9:41 | [CL] Eduardo · age_up feudal |
| 9:43 | [CL] Eduardo · wall_segment Palisade Wall x1 |
| 10:03 | Alakay · first_building Archery Range |
| 10:22 | [CL] Eduardo · resign |
[ ANÁLISIS IA · 1 CRÉDITO ]
¿Qué pasó realmente en esta partida?
Wolo.gg analiza cada decisión: build order, eco, micro, errores típicos por bracket. Análisis personalizado por WhatsApp o Discord en 30 segundos.
Guía civ
Sarracenos
Perfil
[CL] Eduardo